 Dungeon Crawl Stone Soup version 0.22.0 (webtiles) character file.

2849 IcyTea the Carver (level 9, -5/70 HPs)
             Began as a Pale Draconian Chaos Knight on Aug 12, 2018.
             Was a Believer of Fedhas.
             Slain by an orc warrior
             ... wielding a +2 mace of protection
              (14 damage)
             ... on level 7 of the Dungeon.
             The game lasted 00:34:07 (7863 turns).

IcyTea the Carver (Pale Draconian Chaos Knight)     Turns: 7863, Time: 00:34:07

Health: -5/70      AC: 13    Str: 15    XL:     9   Next: 46%
Magic:  9/9        EV: 12    Int: 16    God:    Fedhas [**....]
Gold:   321        SH:  5    Dex: 10    Spells: 2/8 levels left

rFire    . . .     SeeInvis +   w - +0 long sword
rCold    + . .     Gourm    .   (no shield)
rNeg     . . .     Faith    .   (armour unavailable)
rPois    .         Spirit   .   (helmet restricted)
rElec    .         Reflect  +   m - +1 cloak
rCorr    .         Harm     .   f - +2 pair of gloves
MR       .....     Clarity  +   n - +0 pair of boots
Stlth    +.........             t - +5 amulet of reflection
HPRegen  0.21/turn              A - ring of protection from cold
MPRegen  0.11/turn              B - ring of see invisible

@: no status effects
A: breathe steam, unfitting armour, horns 1, clarity, mutation resistance 1,
cold-blooded, AC +7
a: Breathe Steam, Fungal Bloom, Sunlight, Evolution, Renounce Religion


You were on level 7 of the Dungeon.
You worshipped Fedhas.
Fedhas was pleased with you.
You were near starving.

You visited 2 branches of the dungeon, and saw 8 of its levels.

You collected 321 gold pieces.

Inventory:

Hand Weapons
 a - a +0 falchion of chaos
 w - a +0 long sword (weapon)
Missiles
 u - a throwing net
 x - 2 javelins (quivered)
Armour
 f - a +2 pair of gloves (worn)
 m - a +1 cloak (worn)
 n - a +0 pair of boots (worn)
Jewellery
 c - an uncursed ring of flight
 t - a +5 amulet of reflection (around neck)
 v - an uncursed ring of resist corrosion
 A - a ring of protection from cold (left hand)
 B - a ring of see invisible (right hand)
Wands
 j - a wand of polymorph (21)
Scrolls
 e - a scroll of enchant weapon
 g - 9 scrolls of identify
 h - 3 scrolls of amnesia
 k - a scroll of magic mapping
 o - 3 scrolls of fear
 p - 2 scrolls of teleportation
 r - a scroll of enchant armour
 s - 3 scrolls of remove curse
 y - a scroll of fog
Potions
 d - a potion of flight
 i - 3 potions of curing
 l - 2 potions of brilliance
 q - 2 potions of mutation {unknown}
 z - 2 potions of agility {unknown}
 C - a potion of heal wounds
Comestibles
 b - 8 rations


   Skills:
 - Level 3.2 Fighting
 + Level 13.0 Long Blades
 - Level 2.1 Dodging


You had 2 spell levels left.
You knew the following spells:

 Your Spells              Type           Power        Failure   Level  Hunger
a - Confuse               Hex            #.......     58%         3    ####...
b - Shock                 Conj/Air       #...         26%         1    ##.....
c - Swiftness             Chrm/Air       #.......     36%         2    ###....

Your spell library contained the following spells:

 Spells                   Type           Power        Failure   Level  Hunger
 Lightning Bolt           Conj/Air       #.........   100%        5    ######.
 Airstrike                Air            #.........   94%         4    #####..
 Confusing Touch          Hex            #.....       26%         1    ##.....
 Metabolic Englaciation   Hex/Ice        #.........   100%        5    ######.
 Static Discharge         Conj/Air       #.......     58%         3    ####...
 Petrify                  Tmut/Erth      #.......     94%         4    #####..
 Gell's Gravitas          Tloc           #.........   58%         3    ####...
 Yara's Violent Unravell  Hex/Tmut       #.........   100%        5    ######.


Dungeon Overview and Level Annotations

Branches:
Dungeon (7/15)             Temple (1/1) D:5

Altars:
Ashenzari
Cheibriados
Dithmenos
Elyvilon
Fedhas
Gozag
Hepliaklqana
Kikubaaqudgha
Makhleb
Nemelex Xobeh
Okawaru
Qazlal
Ru
Trog
Uskayaw
Vehumet
Wu Jian
Xom
Yredelemnul
Zin
The Shining One

Shops:
D:4 %   D:6 }


Innate Abilities, Weirdness & Mutations

You can breathe blasts of scalding, opaque steam.
Your pale cyan-grey scales are hard. (AC +7)
You cannot fit into any form of body armour.
You are cold-blooded and may be slowed by cold attacks.
You have a pair of small horns on your head.
You possess an exceptional clarity of mind.
You are somewhat resistant to further mutation.


Message History

You hit the orc warrior but do no damage.
Your tail-slap misses the orc warrior.
The orc warrior is almost dead.
You hit the orc warrior but do no damage.
Your tail-slap misses the orc warrior.
The orc warrior is almost dead.
The orc warrior hits you with a mace of protection!
* * * LOW HITPOINT WARNING * * *
You hit the orc warrior but do no damage.
The orc warrior is almost dead.
You hit the orc warrior but do no damage.
The orc warrior is almost dead.
The orc warrior hits you with a mace of protection.
* * * LOW HITPOINT WARNING * * *
You hit the orc warrior.
The orc warrior is almost dead.
You are near starving!
The orc warrior hits you with a mace of protection!
You die...
Fedhas appreciates your contribution to the ecosystem.

.# #.#.# #..#### .#
###.#.# ##..≈≈≈ .#
#...#.# #####≈ .#
#.#...# #.).## .#
#...### #.#### ## #
##.#####..>## #.# #
#.#.## #...........#
#.#### ...#.
#..#####..#.# #.....
).. #.....##@.#.#
#.#### #.#
#.###.##o.#.# #.#
##.######.# #.##..#.#
#.#
.....).#..###.##..#.#
#.####
##...#.....†......#.#
#....(
#.........#####..#.###
#.#### ##...##....#
#.##...######.#
.>..o......#
#.####........#
...........# #.#
##########


You could see an orc warrior.

Vanquished Creatures
  Sigmund (D:5)
  Menkaure (D:4)
  2 phantoms
  An orc warrior (D:6)
  5 ogres
  A bullfrog (D:7)
  A wyvern zombie (D:6)
  A scorpion (D:6)
  3 killer bees (D:6)
  A howler monkey (D:7)
  An electric eel (D:7)
  A centaur zombie (D:6)
  A crimson imp (D:6)
  A bullfrog zombie (D:7)
  2 jellies (D:7)
  Crazy Yiuf (D:2)
  4 orc priests
  2 bullfrog skeletons
  3 hounds
  4 orc wizards
  2 centaur skeletons
  An iguana (D:5)
  7 worker ants
  3 hound skeletons
  10 adders
  4 gnolls (D:5)
  A howler monkey skeleton (D:5)
  A white imp (D:4)
  2 oozes
  An adder skeleton (D:6)
  A dart slug (D:3)
  4 worms
  4 leopard geckos
  25 orcs
  A ball python (D:3)
  5 bats
  6 giant cockroaches
  7 goblins
  8 hobgoblins
  11 jackals
  6 kobolds
  5 quokkas
  3 frilled lizards
  3 goblin skeletons (D:4)
  2 hobgoblin skeletons (D:4)
  A kobold skeleton (D:4)
  4 orc skeletons (D:4)
  An orc zombie (D:4)
  A rat (shapeshifter) (D:4)
  8 rats
175 creatures vanquished.

Vanquished Creatures (collateral kills)
  4 electric eels (D:7)
4 creatures vanquished.

Vanquished Creatures (others)
  An oklob plant (D:7)
  2 necrophages
  An orc wizard (D:7)
  73 toadstools
77 creatures vanquished.

Grand Total: 256 creatures vanquished

Notes
Turn   | Place    | Note
-------+----------+-------------------------------------------
     0 | D:1      | IcyTea the Draconian Chaos Knight began the quest for the Orb.
     0 | D:1      | Reached XP level 1. HP: 19/19 MP: 1/1
   213 | D:1      | XOM: harmless Air miscast
   361 | D:1      | Reached XP level 2. HP: 26/26 MP: 2/2
   435 | D:1      | XOM: harmless Erth miscast
   650 | D:1      | Reached skill level 4 in Long Blades
   755 | D:1      | XOM: harmless Air miscast
   916 | D:2      | XOM: silly message
   952 | D:2      | Reached XP level 3. HP: 31/31 MP: 3/3
  1010 | D:2      | Found a stormy altar of Qazlal.
  1277 | D:2      | Found a runed door.
  1281 | D:2      | Noticed Crazy Yiuf
  1282 | D:2      | XOM: mild Tmut miscast
  1286 | D:2      | XOM: fog
  1295 | D:2      | Killed Crazy Yiuf
  1295 | D:2      | Reached skill level 5 in Long Blades
  1295 | D:2      | Reached XP level 4. HP: 24/38 MP: 4/4
  1521 | D:2      | Found a sacrificial altar of Ru.
  1678 | D:3      | Learned a level 3 spell: Confuse
  1773 | D:3      | Found a blossoming altar of Fedhas.
  1804 | D:3      | Fell from the grace of Xom
  1804 | D:3      | Became a worshipper of Fedhas Madash
  2353 | D:3      | XOM: give mutations
  2353 | D:3      | Gained mutation: You possess an exceptional clarity of mind. [Xom's grace]
  2353 | D:3      | Gained mutation: You are somewhat resistant to further mutation. [Xom's grace]
  2353 | D:3      | Gained mutation: You have a pair of small horns on your head. [Xom's grace]
  2364 | D:3      | Reached XP level 5. HP: 42/45 MP: 5/5
  2485 | D:4      | XOM: blink monster(s)
  2535 | D:4      | Noticed a phantom
  2561 | D:4      | Killed a phantom
  2561 | D:4      | Reached skill level 6 in Long Blades
  2618 | D:4      | Noticed an ogre
  2626 | D:4      | Killed an ogre
  2626 | D:4      | Reached skill level 7 in Long Blades
  2626 | D:4      | Reached XP level 6. HP: 49/51 MP: 6/6
  2630 | D:4      | Found a glowing golden altar of the Shining One.
  2640 | D:4      | Reached * piety under Fedhas
  2748 | D:4      | Found Giquteif's Food Shoppe.
  2907 | D:4      | Reached skill level 8 in Long Blades
  2907 | D:4      | Your scales start taking on a pale cyan-grey colour.
  2907 | D:4      | Reached XP level 7. HP: 53/57 MP: 7/7
  3008 | D:4      | XOM: mild Necr miscast
  3128 | D:4      | XOM: medium Fire miscast
  3185 | D:4      | Noticed Menkaure
  3212 | D:4      | Killed Menkaure
  3295 | D:4      | XOM: noise
  3568 | D:4      | Reached skill level 9 in Long Blades
  3883 | D:5      | Entered Level 5 of the Dungeon
  3893 | D:5      | XOM: 2-stop teleportation journey
  3894 | D:5      | Noticed Sigmund
  4373 | D:5      | Killed Sigmund
  4373 | D:5      | Reached skill level 10 in Long Blades
  4373 | D:5      | Reached XP level 8. HP: 59/63 MP: 8/8
  4392 | D:5      | Found a staircase to the Ecumenical Temple.
  4437 | Temple   | Entered the Ecumenical Temple
  4650 | Temple   | XOM: 7-stop teleportation journey
  4734 | D:5      | Found a bloodstained altar of Trog.
  5216 | D:6      | Reached skill level 11 in Long Blades
  5319 | D:6      | Reached ** piety under Fedhas
  5618 | D:6      | Reached XP level 9. HP: 61/70 MP: 9/9
  5726 | D:6      | Found a shadowy altar of Dithmenos.
  5794 | D:6      | Found Tyeg's Gadget Boutique.
  5852 | D:6      | Reached skill level 12 in Long Blades
  5928 | D:6      | XOM: noise
  5929 | D:6      | Learned a level 1 spell: Shock
  5932 | D:6      | Learned a level 2 spell: Swiftness
  6166 | D:7      | Found a hazy altar of Hepliaklqana.
  6354 | D:7      | XOM: mild Ice miscast
  6676 | D:7      | XOM: scenery: create altars
  7039 | D:7      | XOM: summons 4 hostile demons
  7247 | D:7      | XOM: noise
  7314 | D:7      | Found a burning altar of Makhleb.
  7380 | D:7      | XOM: god gift: transparent whip {god gift}
  7383 | D:7      | Got a transparent whip {god gift}
  7384 | D:7      | Identified the +2 whip "Hydraslayer" {chaos, Str+3} (Xom gifted it to you on level 7 of the Dungeon)
  7430 | D:7      | Reached skill level 13 in Long Blades
  7863 | D:7      | Slain by an orc warrior

Skill      XL: |  1  2  3  4  5  6  7  8  9 |
---------------+----------------------------+-----
Long Blades    | 4 5 7 8 10 11 13 | 13.0
Fighting       | |  3.2
Dodging        | |  2.1

Action                   |  1- 3 |  4- 6 |  7- 9 || total
-------------------------+-------+-------+-------++-------
Melee: Falchion          |    80 |   139 |   131 ||   350
       Short sword       |    24 |       |       ||    24
       Tailslap          |    12 |    16 |    50 ||    78
       Headbutt          |       |    20 |    71 ||    91
       Long sword        |       |       |   319 ||   319
Throw: Javelin           |       |       |     2 ||     2
 Cast: Confuse           |       |       |     1 ||     1
Invok: Fungal Bloom      |       |    10 |    15 ||    25
       Sunlight          |       |       |     3 ||     3
       Evolution         |       |       |     2 ||     2
 Abil: Breathe Steam     |       |       |     3 ||     3
Evoke: Wand              |       |       |     1 ||     1
  Use: Scroll            |     5 |       |     8 ||    13
       Potion            |       |       |     8 ||     8
 Stab: Petrifying        |       |     1 |     1 ||     2
       Confused          |       |     1 |       ||     1
       Paralysed         |       |       |     1 ||     1
       Sleeping          |       |       |     1 ||     1
  Eat: Chunk             |     1 |     6 |    15 ||    22
Armor: Skin              |    52 |    44 |   158 ||   254
Dodge: Dodged            |    53 |    69 |   194 ||   316
Block: Other             |       |       |    57 ||    57
       Reflection        |       |       |     3 ||     3
       Rpst.: Falchion   |    17 |    26 |    16 ||    59
       Long sword        |       |       |    38 ||    38
